 Dungeon Crawl Stone Soup version 0.27.1-4-g1640c2035a (webtiles) character file.

Game seed: 9157830591010180052

42 Duder the Cudgeller (level 3, -6/33 HPs)
             Began as a Minotaur Berserker on Nov 8, 2021.
             Was a Follower of Trog.
             Mangled by a gnoll (7 damage)
             ... on level 2 of the Dungeon.
             The game lasted 00:01:55 (1260 turns).

Duder the Cudgeller (Minotaur Berserker)            Turns: 1260, Time: 00:01:57

Health: -6/33      AC:  6    Str: 22    XL:     3   Next: 33%
Magic:  2/2        EV: 11    Int:  4    God:    Trog [*.....]
Gold:   86         SH:  0    Dex:  9    Spells: 2/2 levels left

rFire    . . .     SeeInvis .   a - +0 mace
rCold    . . .     Faith    .   (no shield)
rNeg     . . .     Spirit   .   e - +0 ring mail
rPois    .         Reflect  .   (helmet restricted)
rElec    .         Harm     .   g - +0 cloak
rCorr    .         Rampage  .   (no gloves)
Will     .....                  (no boots)
Stlth    ..........             (no amulet)
HPRegen  0.11/turn              (no ring)
MPRegen  0.08/turn              (no ring)

@: no status effects
A: horns 2, retaliatory headbutt
a: Renounce Religion, Berserk


You were on level 2 of the Dungeon.
You worshipped Trog.
Trog was aware of your devotion.
You visited 1 branch of the dungeon, and saw 2 of its levels.

You collected 86 gold pieces.

Inventory:

Hand Weapons
 a - a +0 mace (weapon)
Missiles
 c - 17 stones (quivered)
Armour
 b - a +0 animal skin
 e - a +0 ring mail (worn)
 g - a +0 cloak (worn)
Scrolls
 d - a scroll of amnesia
 f - a scroll of brand weapon {unknown}
Potions
 h - 2 potions of resistance {unknown}


   Skills:
 + Level 4.1 Fighting
 * Level 4.4 Maces & Flails
 + Level 3.0 Armour
 + Level 2.6 Dodging


You had 2 spell levels left.
You didn't know any spells.
Your spell library contained the following spells:

 Spells                   Type           Power      Damage    Failure   Level
 Animate Skeleton         Necr           0%         N/A       65%         1
 Pain                     Necr           0%         1d4       65%         1
 Gell's Gravitas          Tloc           0%         N/A       95%         3
 Lesser Beckoning         Tloc           0%         N/A       95%         3
 Teleport Other           Tloc           0%         N/A       95%         3
 Vampiric Draining        Necr           0%         2d6       95%         3


Dungeon Overview and Level Annotations

Branches:
Dungeon (2/15)

Altars:


Innate Abilities, Weirdness & Mutations

You have a pair of horns on your head.
You reflexively headbutt those who attack you in melee.


Message History

You now have 86 gold pieces (gained 9).
A gnoll comes into view. It is wielding a +0 spear.
A gnoll comes into view. It is wielding a +0 whip.
The gnoll shouts!
You hear a shout!
The gnoll hits you but does no damage.
A gnoll comes into view. It is wielding a +0 spear.
You hear a shout!
A gnoll comes into view. It is wielding a +0 flail.
The gnoll shouts!
The gnoll hits you with a +0 spear. The gnoll hits you but does no damage.
You hit the gnoll.
The gnoll is moderately wounded.
The gnoll hits you but does no damage.
The gnoll hits you from afar with a +0 spear.
You sock the gnoll!
You kill the gnoll!
Trog accepts your kill.
The gnoll throws a throwing net.
The throwing net hits you.
You become entangled in the net!
The gnoll hits you from afar with a +0 spear.
Your Armour skill increases to level 3!
You struggle against the net.
The gnoll hits you with a +0 flail!
The gnoll hits you from afar with a +0 spear!
* * * LOW HITPOINT WARNING * * *
You struggle against the net.
The gnoll hits you with a +0 flail.
* * * LOW HITPOINT WARNING * * *
The gnoll hits you from afar with a +0 spear.
* * * LOW HITPOINT WARNING * * *
A goblin comes into view. It is wielding a +0 dagger.
You shred the net and break free! The gnoll hits you with a +0 flail.
* * * LOW HITPOINT WARNING * * *
The gnoll closely misses you.
You hit the gnoll.
You headbutt the gnoll, but do no damage.
The gnoll is lightly wounded.
The gnoll closely misses you.
The gnoll hits you from afar with a +0 spear.
* * * LOW HITPOINT WARNING * * *
The gnoll hits you with a +0 flail!
You die...

....# #.....# ###..#
#.....# #....#
#.....# #.##.#
#######
#######.##.##########
#.......##.........[.
#....##########......
#....# #...... ####@#
#...... #g# #......


.gg ##'#### ...#. #..... #....## ###### #.... #.#.. #.#... You could see 3
gnolls.

Vanquished Creatures
  A gnoll (D:2)
  A dart slug (D:2)
  An endoplasm (D:2)
  2 giant cockroaches (D:1)
  3 goblins
  2 hobgoblins
  5 jackals (D:1)
  2 ball pythons (D:2)
  A bat (D:1)
  A frilled lizard (D:1)
  5 kobolds (D:1)
  4 rats
28 creatures vanquished.

Notes
Turn   | Place    | Note
-------+----------+-------------------------------------------
     0 | D:1      | Duder the Minotaur Berserker began the quest for the Orb.
     0 | D:1      | Reached XP level 1. HP: 19/19 MP: 0/0
    44 | D:1      | Found a faded altar of an unknown god.
   316 | D:1      | Reached XP level 2. HP: 22/27 MP: 1/1
   959 | D:2      | Reached XP level 3. HP: 32/33 MP: 2/2
  1260 | D:2      | HP: 1/33 [gnoll (2)]
  1260 | D:2      | Mangled by a gnoll

Illustrated notes

Levels and vault maps discovered:
D:1:      nzn_arrival_depleted_hourglass, layout_rooms,
          ebering_ecumenical_altar_box
D:2:      layout_basic

Skill      XL: |  1  2  3 |
---------------+----------+-----
Maces & Flails | 4 |  4.4
Fighting       | 4 |  4.1
Armour         | 3 |  3.0
Dodging        | |  2.6

Action                   || total
-------------------------++-------
Melee: Mace              ||    60
       Headbutt          ||     6
  Use: Scroll            ||     1
Armor: Animal skin       ||     5
       Ring mail         ||    22
Dodge: Dodged            ||    43
